Map: Lightshade LE

Players

Trap - Winner!

  • Race: Protoss Protoss
  • League: Master

DPGZest (Zest)

  • Race: Protoss Protoss

Event: TSL 7

VOD

Have the link to the VOD?

Description

Time

  • Played on: June 27, 2021, 12:47 p.m.
  • Length: 5:12

All games in this series

Show
View Real Time Build Order
Export as new Build Order

Trap Protoss - Winner!

Build Orders:  

Get SALT Encoding   

  12  0:00  Probe  
  13  0:12  Probe  
  14  0:18  Pylon  
  14  0:24  Probe (Chrono Boost)  
  15  0:36  Probe (Chrono Boost)  
  15  0:37  Gateway  
  16  0:45  Probe (Chrono Boost)  
  16  0:46  Assimilator  
  17  0:51  Probe  
  17  0:56  Assimilator  
  18  1:03  Probe (Chrono Boost)  
  19  1:08  Gateway  
  19  1:13  Probe (Chrono Boost)  
  19  1:18  Probe (Chrono Boost)  
  20  1:25  Cybernetics Core  
  21  1:29  Probe  
  22  1:36  Pylon  
  22  1:41  Probe  
  23  1:54  Probe  
  23  1:58  Warp Gate (Chrono Boost)  
  23  2:01  Adept x2  
  28  2:08  Pylon  
  28  2:22  Pylon  
  28  2:31  Adept  
  28  2:32  Adept  
  32  2:37  Pylon  
  32  2:54  Nexus  
  32  3:04  Robotics Facility  
  32  3:17  Gateway  
  32  3:25  Shield Battery  
  32  3:42  Sentry x2  
  36  3:48  Immortal (Chrono Boost)  
  40  4:10  Pylon  
  40  4:11  Stalker  
  40  4:12  Stalker  
  40  4:17  Stalker  
  46  4:25  Observer (Chrono Boost)  
  45  4:40  Stalker x2  
  45  4:43  Stalker  
Show
View Real Time Build Order
Export as new Build Order

DPGZest Protoss 

Build Orders:  

Get SALT Encoding   

  12  0:00  Probe  
  13  0:12  Probe  
  14  0:17  Pylon  
  14  0:24  Probe (Chrono Boost)  
  15  0:36  Probe (Chrono Boost), Gateway  
  16  0:44  Probe (Chrono Boost)  
  16  0:45  Assimilator  
  17  0:51  Probe  
  18  1:03  Probe (Chrono Boost)  
  19  1:04  Assimilator  
  19  1:10  Gateway  
  20  1:12  Probe (Chrono Boost)  
  20  1:17  Probe (Chrono Boost)  
  20  1:23  Cybernetics Core  
  21  1:29  Probe  
  22  1:35  Pylon  
  22  1:41  Probe  
  23  1:53  Probe  
  24  2:00  Stalker  
  28  2:02  Sentry, Warp Gate (Chrono Boost)  
  28  2:09  Pylon  
  28  2:24  Pylon  
  28  2:28  Stalker  
  30  2:30  Stalker  
  32  2:48  Nexus  
  32  2:59  Sentry  
  32  3:00  Sentry  
  32  3:04  Pylon  
  36  3:07  Probe  
  37  3:15  Shield Battery  
  37  3:19  Probe  
  38  3:32  Probe  
  39  3:39  Shield Battery  
  39  3:43  Adept x2  
  43  3:49  Twilight Council  
  43  4:04  Stalker x2  
  43  4:05  Probe  
  43  4:09  Probe  
  49  4:17  Probe  
  49  4:21  Probe  
  51  4:35  Adept x2  
  38  4:57  Stalker x2  
Tags
 
Event
TSL 7
League
Master
Matchup
PvP
Player
TrapZest
Add a new tag
Caveats
  • Supply blocks, unpowered buildings, or Contaminate may cause inaccurate times.
  • Supply counts are checked every 10 seconds.